 Dungeon Crawl Stone Soup version 0.28.0 (webtiles) character file.

Game seed: 15546044279055129627

200535 browni3141 the Slayer (level 17, -13/185 HPs)
             Began as a Minotaur Berserker on Feb 18, 2022.
             Was a High Priest of Trog.
             Shot with an arrow by a satyr (30 damage)
             ... on level 4 of the Shoals.
             The game lasted 00:33:00 (43314 turns).

browni3141 the Slayer (Minotaur Berserker)         Turns: 43314, Time: 00:33:01

Health: -13/185    AC: 30    Str: 28    XL:     17   Next: 88%
Magic:  16/16      EV:  5    Int:  4    God:    Trog [*****.]
Gold:   484        SH: 15    Dex: 12    Spells: 16/16 levels left

rFire   + + +      SeeInvis .   a - +5 broad axe (flame)
rCold   + + .      Faith    +   C - +0 tower shield
rNeg    + + .      Spirit   .   E - +3 gold dragon scales {@f3}
rPois   +          Reflect  .   I - -2 hat of the Alchemist {rElec rPois rF+ rC+ rN+ Will+ rMut rCorr}
rElec   +          Harm     .   t - +2 cloak
rCorr   +          Rampage  .   o - +0 pair of gloves
rMut    +                       V - +0 pair of boots
Will    +++++                   P - amulet "Wimiront" {Faith rElec rF+ Will+}
Stlth   ..........              N - ring of positive energy
HPRegen 1.40/turn               M - ring of willpower
MPRegen 0.15/turn

@: afraid, strong-willed, on berserk cooldown, regenerating, slowed, very slow
A: horns 2, retaliatory headbutt
}: 1/15 runes: serpentine
a: Renounce Religion, Berserk, Trog's Hand, Brothers in Arms


You were on level 4 of the Shoals.
You worshipped Trog.
Trog was extremely pleased with you.
You visited 5 branches of the dungeon, and saw 29 of its levels.
You visited 1 bazaar.
You also visited: Trove and Ice Cave.

You collected 3008 gold pieces.
You spent 2524 gold pieces at shops.


Innate Abilities, Weirdness & Mutations

You have a pair of horns on your head.
You reflexively headbutt those who attack you in melee.


   Skills:
 * Level 25.3 Fighting
 - Level 18.0 Axes
 + Level 18.7 Armour
 - Level 5.0 Dodging
 - Level 10.0 Shields
 - Level 8.0 Evocations


You had 16 spell levels left.
You didn't know any spells.
Your spell library was empty.

Inventory:

Hand Weapons
 a - a +5 broad axe of flaming (weapon)
 b - a +3 broad axe of freezing
Missiles
 F - 9 throwing nets
 J - 2 curare-tipped darts (quivered) {@f4}
Armour
 g - the +12 crystal plate armour of Intense Satisfaction {Harm}
   (You acquired it on level 6 of the Dungeon)

   Harm:      It increases damage dealt and taken.
 o - a +0 pair of gloves (worn)
 t - a +2 cloak (worn)
 C - a +0 tower shield (worn)
 E - +3 gold dragon scales (worn) {@f3}
 I - the -2 hat of the Alchemist (worn) {rElec rPois rF+ rC+ rN+ Will+ rMut rCorr}
   (You acquired it on level 6 of the Dungeon)

   rF:        It protects you from fire.
   rC:        It protects you from cold.
   rElec:     It insulates you from electricity.
   rPois:     It protects you from poison.
   rN:        It protects you from negative energy.
   rCorr:     It protects you from acid and corrosion.
   rMut:      It protects you from mutation.
   Will:      It increases your willpower.
 V - a +0 pair of boots (worn)
Jewellery
 M - a ring of willpower (right hand)
 N - a ring of positive energy (left hand)
 P - the amulet "Wimiront" (around neck) {Faith rElec rF+ Will+}
   (You found it in a treasure trove)

   [amulet of faith]

   It allows you to gain divine favour quickly.
   rF:        It protects you from fire.
   rElec:     It insulates you from electricity.
   Will:      It increases your willpower.
 Y - a +4 ring of slaying
Wands
 k - a wand of digging (9)
 m - a wand of paralysis (10)
 p - a wand of iceblast (9)
 q - a wand of polymorph (24)
 w - a wand of mindburst (9)
 H - a wand of charming (8)
 X - a wand of acid (4)
Scrolls
 d - 15 scrolls of teleportation {@r4}
 e - a scroll of summoning
 f - 2 scrolls of fog {@r5}
 s - 3 scrolls of holy word
 v - 4 scrolls of noise {!r}
 x - 3 scrolls of blinking {@r3}
 y - 3 scrolls of immolation {!r}
 D - 3 scrolls of torment {!r}
 G - 4 scrolls of silence {!r}
 O - 7 scrolls of fear
 U - 3 scrolls of vulnerability {!r}
 W - 3 scrolls of magic mapping
 Z - a scroll of enchant weapon
Potions
 h - 7 potions of heal wounds {@q2}
 i - 9 potions of flight
 j - 13 potions of curing {@q1}
 l - 5 potions of brilliance
 n - 3 potions of invisibility {unknown}
 u - 3 potions of mutation {!q}
 z - 5 potions of degeneration {!q}
 A - 2 potions of berserk rage {!q}
 B - 4 potions of magic
 K - 2 potions of haste {@q3}
 L - 2 potions of might
 Q - 6 potions of lignification {!q}
 S - a potion of cancellation
Miscellaneous
 c - a phantom mirror
 r - a phial of floods
 R - a condenser vane
 T - a tin of tremorstones (2/2) {@f1}

Dungeon Overview and Level Annotations

Branches:
Dungeon (13/15)            Temple (0/1) D:5            Lair (6/6) D:9
 Shoals (4/4) Lair:2        Snake (4/4) Lair:4        Slime (0/5) Lair:6
    Orc (2/2) D:10            Elf (0/3) Orc:2        Vaults (0/5) D:13
  IceCv (visited)

Altars:
Ashenzari
Dithmenos
Hepliaklqana
Kikubaaqudgha
Makhleb
Sif Muna
Trog
Uskayaw
Wu Jian
Jiyva

Shops:
D:1 =(   D:6 (?   D:10 [(   Orc:2 ([[!   Snake:1 *   Snake:2 *   Snake:4 [

Annotations:
Lair:1 2 transporters, browni3141's ghost, journeyman MiBe

≈≈≈≈≈≈≈≈≈≈≈≈≈≈≈
≈≈≈≈≈H≈≈≈≈≈≈≈≈≈≈≈≈≈
.≈≈≈≈≈≈≈≈≈≈≈≈≈≈≈≈≈≈
.≈≈≈≈≈≈≈≈≈≈≈≈≈≈≈≈≈≈#
.≈≈≈≈≈≈≈≈≈≈≈≈≈≈≈≈≈#
#≈≈≈≈≈≈≈≈≈≈≈≈≈≈≈≈#
#.≈≈≈P<.≈)≈≈≈≈≈≈≈#
#.≈..)(.$≈≈≈≈≈≈≈≈#
##≈..c.@÷.≈≈≈≈≈≈≈#
#.≈))c¦¦).≈≈≈≈≈≈≈#
#.≈....¦[.≈≈≈≈≈≈≈#
..≈c≈.....<.≈≈≈≈≈≈≈#
.....≈.......≈≈≈≈≈≈≈#
..¦¦¦.¦......≈≈≈≈≈≈≈#
. ..¦¦≈....≈≈≈≈≈≈≈#
....'..P..≈≈≈≈≈≈≈#
.¦¦m..m.≈≈≈≈≈≈≈#


You could see a satyr (scary), 2 fauns and a harpy.


Message History

The faun unwields a +0 spear.
The faun wields a +0 hunting sling.
The faun shoots a stone.
The stone hits you but does no damage.
The faun shoots a stone.
You block the stone.
The satyr shoots an arrow.
The arrow hits you but does no damage.
Unknown command.
Your skin crawls.
You feel strong-willed.
The faun shoots a stone.
The stone hits you.
* * * LOW HITPOINT WARNING * * *
The faun shoots a stone.
The stone hits you but does no damage.
The satyr shoots an arrow.
The arrow barely misses you.
The faun shoots a stone.
The stone hits you but does no damage.
The faun shoots a stone.
The stone hits you but does no damage.
The satyr shoots an arrow.
The arrow hits you.
* * * LOW HITPOINT WARNING * * *
The satyr shoots an arrow.
The arrow hits you.
* * * LOW HITPOINT WARNING * * *
Things that are here:
a +0 halberd; a merfolk corpse The satyr plays a rousing melody on his pipes!
The fauns go into a battle-frenzy!
The faun unwields a +0 hunting sling.
The faun wields a +0 club.
You block the faun's attack.
The satyr shoots an arrow.
The arrow hits you!!
* * * LOW HITPOINT WARNING * * *
The faun unwields a +0 club.
The faun wields a +0 hunting sling.
The faun shoots a stone.
You block the stone.
A harpy comes into view.
The satyr shoots an arrow.
The arrow hits you!!
You die...

Skill      XL: |  1  2  3  4  5  6  7  8  9 10 11 12 13 14 15 16 17 |
---------------+----------------------------------------------------+-----
Fighting       | 4 5 6 7 9 11 12 14 16 18 21 22 23 25 | 25.3
Axes           | 4 5 6 7 9 11 12 14 16 18 | 18.0
Armour         | 3 4 5 6 7 9 10 12 13 15 16 17 18 | 18.7
Shields        | 1 2 3 5 7 10 | 10.0
Dodging        | 3 5 |  5.0
Evocations     | 4 7 8 |  8.0

Action                   |  1- 3 |  4- 6 |  7- 9 | 10-12 | 13-15 | 16-18 || total
-------------------------+-------+-------+-------+-------+-------+-------++-------
Melee: Hand axe          |    68 |    81 |   121 |       |       |       ||   270
       Headbutt          |     5 |    15 |    41 |   145 |   209 |   150 ||   565
       War axe           |       |       |   127 |   587 |    79 |       ||   793
       Broad axe         |       |       |       |       |   936 |   654 ||  1590
Throw: Dart              |       |       |       |       |       |     3 ||     3
Invok: Berserk           |       |     1 |    11 |    26 |    14 |    19 ||    71
       Trog's Hand       |       |       |       |     1 |     1 |     4 ||     6
       Brothers in Arms  |       |       |       |       |     1 |     2 ||     3
Evoke: Wand              |       |       |     1 |     2 |     7 |       ||    10
       Condenser vane    |       |       |       |       |     1 |       ||     1
  Use: Scroll            |       |       |     4 |     7 |    11 |    12 ||    34
       Potion            |       |       |       |       |     3 |     2 ||     5
 Stab: Paralysed         |       |       |     3 |     2 |       |       ||     5
Armor: Animal skin       |     5 |       |       |       |       |       ||     5
       Scale mail        |     8 |    22 |    15 |       |       |       ||    45
       Chain mail        |       |       |   100 |    41 |       |       ||   141
       Gold dragon scale |       |       |       |   303 |   518 |   322 ||  1143
       Crystal plate arm |       |       |       |       |       |   234 ||   234
Dodge: Dodged            |    30 |    44 |    95 |   130 |   181 |   132 ||   612
Block: Buckler           |       |    11 |    47 |   191 |   287 |       ||   536
       Reflection        |       |       |       |     1 |     3 |       ||     4
       Kite shield       |       |       |       |       |    68 |   105 ||   173
       Tower shield      |       |       |       |       |       |   540 ||   540

Levels and vault maps discovered:
D:1:      dpeg_arrival_boxes_within_box, layout_basic, serial_shops, shop,
          nicolae_shop_bloodbath_and_beyond, dilly_ecumenical_altar_fadedgnrine
D:2:      layout_basic, basic_altar, uniq_jessica
D:3:      layout_rooms, amethyst_killhole
D:4:      layout_loops_cross, minmay_ruined_shrine
D:5:      layout_rooms, grunt_temple_overflow_open,
          minmay_temple_entry_overgrown, uniq_crazy_yiuf_cottage, uniq_menkaure,
          uniq_ijyb
D:6:      layout_basic, trog_wizard, lemuel_crystal_altar, serial_shops,
          kennysheep_little_box, shop, uniq_duvessa, uniq_prince_ribbit1
D:7:      layout_rooms, mainiacjoe_overflow_catwalk
D:8:      kennysheep_steamy, layout_loops_ring, ebering_ghost_reflecting_pool
D:9:      layout_basic, nicolae_uskayaw_suspiria, david_lair_shrubbed
D:10:     layout_rooms, riverfiend_overflow_shadow_ancestor, orc_david_3,
          serial_co_window_serial, co_window_paths_a, co_window_paths_b,
          co_window_of_opportunity_a, co_window_paths_a, co_window_paths_b,
          co_window_cross_1, co_window_corner_a, co_window_broadway_c,
          co_window_broadway_c, co_window_corner_b, co_window_cross_4,
          co_window_unsneaky_path_c, glass_columns_a, uniq_josephine,
          uniq_sonja, uniq_snorg
D:11:     minmay_quarter_circles, layout_basic, portal_ice_cave_demonic_guard
D:12:     layout_loops_ring
D:13:     layout_long_grid, erik_vaults_1, nicolae_trove_entry_crossroad,
          tgw_fedhas, uniq_jorgrun
Lair:1:   layout_chaotic_city, gammafunk_ghost_abyssal_escape,
          serial_bayou_lagoon_a, st_stairs_13, beast_lair_carwin_1,
          infiniplex_staircase_pool
Lair:2:   lemuel_slime, layout_small_grid, minmay_shoals_entry_lonely_mermaid,
          st_stairs_5, grunt_forest_small_clearings, roderic_carrion_pond
Lair:3:   layout_chaotic_city, grunt_megastairs_5, lemuel_fruit_fields
Lair:4:   layout_regular_city, dummy_snake_entry, infiniplex_staircase_pool_2,
          uniq_urug
Lair:5:   layout_hall_layers, gammafunk_ghost_split, lemuel_fruit_tree
Lair:6:   wormcave, layout_layer_cave, hangedman_lair_tendril_chambers,
          slime_altar_2, grunt_megastairs_4
Shoals:1: layout_shoals, serial_shops, bzr_entry_safe,
          nicolae_shoals_cliffside_cave
Shoals:2: layout_shoals, nicolae_shoals_spectral_cove
Shoals:3: layout_shoals, nicolae_shoals_wave_tunnel
Shoals:4: shoals_end_hellmonk_lost_city, serial_shops, uniq_donald
Snake:1:  layout_misc_corridors, serial_shops, nicolae_take_the_stairs
Snake:2:  layout_misc_corridors, serial_shops, shop,
          nicolae_snake_salamander_stairs, grunt_megastairs_3, uniq_vashnia
Snake:3:  nicolae_snake_unarmed_stairs_patrol, layout_rooms, st_stairs_5,
          nicolae_snake_guarding_the_ruins
Snake:4:  grunt_snake_rune_serpentine_throne, layout_cave_town, serial_shops,
          nicolae_shop_window_shopping, nicolae_snake_round_shape_thing,
          uniq_aizul, uniq_louise, uniq_agnes
Orc:1:    layout_diamond_mine
Orc:2:    st_orc_mages, layout_caves, statue_in_the_mist_lemuel

Notes
Turn   | Place    | Note
-------+----------+-------------------------------------------
     0 | D:1      | browni3141 the Minotaur Berserker began the quest for the
                  | Orb.
     0 | D:1      | Reached XP level 1. HP: 19/19 MP: 0/0
   399 | D:1      | Found Wulila's Jewellery Emporium.
   403 | D:1      | Reached XP level 2. HP: 27/27 MP: 1/1
   409 | D:1      | Found Ifeypp's Weapon Emporium.
   420 | D:1      | Reached skill level 4 in Fighting
   420 | D:1      | Reached skill level 4 in Axes
   852 | D:1      | Found a faded altar of an unknown god.
  1404 | D:2      | Found a burning altar of Makhleb.
  1556 | D:2      | Noticed Jessica
  1560 | D:2      | Reached XP level 3. HP: 32/33 MP: 2/2
  1568 | D:2      | Killed Jessica
  1569 | D:2      | Reached skill level 3 in Armour
  1812 | D:2      | Reached ** piety under Trog
  2183 | D:3      | Reached XP level 4. HP: 40/41 MP: 3/3
  2510 | D:4      | Noticed a scorpion
  2515 | D:4      | Killed a scorpion
  2516 | D:4      | Reached skill level 5 in Fighting
  2516 | D:4      | Reached skill level 5 in Axes
  2516 | D:4      | Reached skill level 1 in Shields
  2572 | D:4      | Noticed an ogre
  2577 | D:4      | Killed an ogre
  2578 | D:4      | Reached XP level 5. HP: 47/48 MP: 4/4
  2615 | D:4      | Noticed a phantom
  2629 | D:4      | Killed a phantom
  2630 | D:4      | Reached skill level 4 in Armour
  2630 | D:4      | Reached skill level 2 in Shields
  2630 | D:4      | Reached XP level 6. HP: 35/57 MP: 5/5
  2957 | D:4      | Reached skill level 6 in Fighting
  2957 | D:4      | Reached skill level 6 in Axes
  3129 | D:4      | Reached XP level 7. HP: 22/64 MP: 6/6
  3349 | D:4      | Found a shimmering blue altar of Sif Muna.
  3707 | D:5      | Entered Level 5 of the Dungeon
  3707 | D:5      | Noticed Ijyb
  3707 | D:5      | Found a staircase to the Ecumenical Temple.
  3739 | D:5      | Killed Ijyb
  3808 | D:5      | Reached skill level 3 in Shields
  3896 | D:5      | Found a shimmering blue altar of Sif Muna.
  3995 | D:5      | Noticed Menkaure
  4007 | D:5      | Killed Menkaure
  4008 | D:5      | Reached skill level 7 in Fighting
  4008 | D:5      | Reached skill level 7 in Axes
  4367 | D:5      | Reached skill level 5 in Armour
  4397 | D:5      | Found a runed translucent door.
  4398 | D:5      | Noticed Crazy Yiuf
  4507 | D:5      | Found an ancient bone altar of Kikubaaqudgha.
  4782 | D:5      | Killed Crazy Yiuf
  5228 | D:6      | Found Vuimoul's Magic Scroll Boutique.
  5234 | D:6      | Bought a scroll of blinking for 97 gold pieces
  5234 | D:6      | Bought a scroll of identify for 26 gold pieces
  5234 | D:6      | Bought a scroll of teleportation for 39 gold pieces
  5250 | D:6      | Found a broken altar of Ashenzari.
  5273 | D:6      | Noticed Prince Ribbit
  5287 | D:6      | Reached XP level 8. HP: 73/73 MP: 7/7
  5292 | D:6      | Killed Prince Ribbit
  5293 | D:6      | Reached skill level 4 in Shields
  5364 | D:6      | Found Yqiul's Weapon Emporium.
  5408 | D:6      | Reached *** piety under Trog
  5416 | D:6      | Reached skill level 8 in Axes
  5454 | D:6      | You fall into a shaft and drop 2 floors!
  5465 | D:8      | Reached skill level 8 in Fighting
  5642 | D:8      | Reached skill level 6 in Armour
  5893 | D:8      | Found a runed translucent door.
  5893 | D:8      | Noticed js333's ghost (novice DECj)
  5923 | D:8      | Reached skill level 5 in Shields
  5943 | D:8      | Noticed a cyclops
  5953 | D:8      | Killed a cyclops
  5954 | D:8      | Reached skill level 9 in Fighting
  5954 | D:8      | Reached skill level 9 in Axes
  5954 | D:8      | Reached XP level 9. HP: 48/83 MP: 8/8
  6468 | D:8      | Reached skill level 7 in Armour
  6733 | D:8      | Reached skill level 10 in Fighting
  6733 | D:8      | Reached skill level 10 in Axes
  7029 | D:8      | Killed js333's ghost
  7497 | D:7      | Found an ornate altar of the Wu Jian Council.
  7628 | D:7      | Reached skill level 11 in Axes
  7633 | D:7      | Reached skill level 11 in Fighting
  7633 | D:7      | Reached XP level 10. HP: 86/95 MP: 9/9
  7970 | D:6      | Noticed Duvessa
  7971 | D:6      | Noticed Dowan
  7981 | D:6      | Killed Duvessa
  7996 | D:6      | Killed Dowan
  7997 | D:6      | Reached skill level 8 in Armour
  8202 | D:6      | Found a bloodstained altar of Trog.
  8311 | D:6      | Noticed a wizard
  8316 | D:6      | Killed a wizard
  9014 | D:9      | Found a staircase to the Lair.
  9434 | D:9      | Reached skill level 12 in Axes
  9435 | D:9      | Reached skill level 12 in Fighting
  9561 | D:9      | Found a hide-covered altar of Uskayaw.
  9715 | D:9      | Reached **** piety under Trog
  9789 | D:10     | Entered Level 10 of the Dungeon
  9805 | D:10     | Found a shadowy altar of Dithmenos.
  9809 | D:10     | Found a hazy altar of Hepliaklqana.
 10169 | D:10     | Noticed Snorg
 10176 | D:10     | Killed Snorg
 10177 | D:10     | Reached skill level 9 in Armour
 10407 | D:10     | Reached XP level 11. HP: 98/106 MP: 10/10
 10651 | D:10     | Found Lykh's Armour Emporium.
 10665 | D:10     | Reached skill level 13 in Axes
 10666 | D:10     | Reached skill level 13 in Fighting
 10667 | D:10     | Found a staircase to the Orcish Mines.
 10673 | D:10     | Found Qizin's Weapon Emporium.
 10853 | D:10     | Bought a +1 hat for 143 gold pieces
 11007 | D:10     | Noticed Sonja
 11015 | D:10     | Killed Sonja
 11242 | D:10     | Noticed Josephine
 11288 | D:10     | Killed Josephine
 11819 | D:10     | Reached skill level 10 in Armour
 12240 | D:11     | Found a frozen archway.
 12254 | D:11     | Reached skill level 14 in Fighting
 12254 | D:11     | Reached skill level 14 in Axes
 12397 | IceCv    | Entered an ice cave
 13761 | IceCv    | Noticed a reaper
 13782 | IceCv    | Killed a reaper
 13783 | IceCv    | Reached XP level 12. HP: 81/118 MP: 11/11
 14518 | D:11     | Reached skill level 15 in Fighting
 14518 | D:11     | Reached skill level 15 in Axes
 15036 | D:11     | Reached skill level 11 in Armour
 15975 | D:11     | Noticed a two-headed ogre
 15984 | D:11     | Killed a two-headed ogre
 15985 | D:11     | Noticed a death knight
 15992 | D:11     | Killed a death knight
 15993 | D:11     | Reached skill level 16 in Fighting
 15993 | D:11     | Reached skill level 16 in Axes
 16156 | D:11     | Noticed a centaur warrior
 16166 | D:11     | Killed a centaur warrior
 16191 | D:11     | Noticed a two-headed ogre
 16195 | D:11     | Killed a two-headed ogre
 16338 | D:11     | Noticed a two-headed ogre
 16345 | D:11     | Killed a two-headed ogre
 16817 | D:11     | Reached skill level 12 in Armour
 17256 | Lair:1   | Entered Level 1 of the Lair of Beasts
 17278 | Lair:1   | Reached XP level 13. HP: 130/130 MP: 12/12
 17415 | Lair:1   | Found a transporter.
 18048 | Lair:1   | Found a transporter.
 18062 | Lair:1   | Noticed browni3141's ghost (journeyman MiBe)
 18066 | Lair:1   | Found the +2 cloak of the Thief {*Fog Slay-2 SInv Stlth+}
 18249 | D:6      | Bought a +0 broad axe of flaming for 110 gold pieces
 18665 | Lair:1   | Reached skill level 17 in Axes
 18835 | Lair:1   | Reached skill level 17 in Fighting
 19976 | Lair:2   | Found a staircase to the Shoals.
 20271 | Lair:3   | Reached ***** piety under Trog
 20824 | Lair:3   | Reached skill level 13 in Armour
 21247 | Lair:4   | Reached skill level 18 in Fighting
 21247 | Lair:4   | Reached skill level 18 in Axes
 21305 | Lair:4   | Found a staircase to the Snake Pit.
 21588 | Lair:4   | Noticed Urug
 21601 | Lair:4   | Killed Urug
 22340 | Lair:5   | Noticed Riymurr's ghost (journeyman MfMo)
 22354 | Lair:5   | Found a runed translucent gate.
 22354 | Lair:5   | Found a runed translucent gate.
 22371 | Lair:5   | Found a runed translucent gate.
 23077 | Lair:5   | Reached XP level 14. HP: 110/144 MP: 13/13
 23080 | Lair:5   | Killed Riymurr's ghost
 23346 | Lair:6   | Entered Level 6 of the Lair of Beasts
 23440 | Lair:6   | Reached skill level 19 in Fighting
 23459 | Lair:6   | Reached skill level 14 in Armour
 24258 | Lair:6   | Reached skill level 20 in Fighting
 24411 | Lair:6   | Paralysed by a hornet for 1 turns
 24813 | Lair:6   | Found a runed translucent door.
 24814 | Lair:6   | Found a viscous altar of Jiyva.
 24816 | Lair:6   | Found a staircase to the Slime Pits.
 25171 | Lair:6   | Received a gift from Trog
 25372 | D:12     | Reached skill level 15 in Armour
 26354 | D:13     | Identified the +2 robe of Neuf {Int+5}
 26374 | D:13     | Reached skill level 3 in Dodging
 26451 | D:13     | Found a gate to the Vaults.
 26464 | D:13     | Reached skill level 21 in Fighting
 26464 | D:13     | Reached XP level 15. HP: 94/158 MP: 14/14
 26914 | D:13     | Found a portal to a secret trove of treasure.
 26928 | Trove    | Entered a treasure trove
 26935 | Trove    | Identified the -2 cloak of Woegyvva {rF- Will++ Str+4}
 26936 | Trove    | Identified the ring "Tousew" {rN+ rCorr Str+2}
 26937 | Trove    | Identified the amulet "Wimiront" {Faith rElec rF+ Will+}
 26964 | Trove    | Identified the amulet "Arghicze" {RegenMP Harm *Corrode
                  | rN+}
 26968 | Trove    | Identified the +7 dagger "Tofoj" {spect, rF+ rN+ Dex+4}
 26969 | Trove    | Identified the +7 bardiche of a treasure trove {freeze,
                  | Str+4 Int+2}
 26990 | D:13     | Noticed Jorgrun
 27006 | D:13     | Killed Jorgrun
 27159 | D:13     | Reached skill level 4 in Dodging
 27406 | Orc:1    | Entered Level 1 of the Orcish Mines
 27485 | Orc:2    | Entered Level 2 of the Orcish Mines
 27559 | Orc:2    | Identified a +1 robe of the Archmagi
 27570 | Orc:2    | Reached * piety under Trog
 28292 | Orc:2    | Found a staircase to the Elven Halls.
 28314 | Orc:2    | Reached skill level 5 in Dodging
 28470 | Orc:2    | Found Ytoc's Antique Armour Boutique.
 28470 | Orc:2    | Found Liosy's Antique Weapon Boutique.
 28471 | Orc:2    | Found Neibbakk's Armour Shop.
 28475 | Orc:2    | Found Soah's Distillery.
 28479 | Orc:2    | Noticed an orc warlord
 28495 | Orc:2    | Killed an orc warlord
 28659 | Orc:2    | Bought a potion of curing for 42 gold pieces
 28662 | Orc:2    | Bought a kite shield for 117 gold pieces
 28671 | Orc:2    | Bought a +2 cloak for 280 gold pieces
 29073 | Snake:1  | Entered Level 1 of the Snake Pit
 29348 | Snake:1  | Found Duidoqorph's Assorted Antiques.
 29376 | Snake:1  | You fall into a shaft and drop 1 floor!
 29382 | Snake:2  | Reached skill level 1 in Evocations
 29684 | Snake:2  | Reached skill level 16 in Armour
 29914 | Snake:2  | Noticed Vashnia
 29923 | Snake:2  | Reached skill level 2 in Evocations
 29924 | Snake:2  | Reached skill level 6 in Shields
 29934 | Snake:2  | Killed Vashnia
 29935 | Snake:2  | Reached skill level 22 in Fighting
 30259 | Snake:2  | Reached skill level 3 in Evocations
 30785 | Snake:2  | Reached skill level 7 in Shields
 31032 | Snake:2  | Found Daecrisa's General Store.
 31133 | Snake:2  | Identified a potion of resistance
 31680 | Snake:1  | Identified 2 scrolls of acquirement
 31702 | Snake:1  | Reached skill level 4 in Evocations
 32142 | Snake:1  | Reached XP level 16. HP: 125/170 MP: 15/15
 32947 | D:6      | Bought a scroll of identify for 26 gold pieces
 32947 | D:6      | Bought a scroll of identify for 26 gold pieces
 32947 | D:6      | Bought 2 scrolls of silence for 195 gold pieces
 32947 | D:6      | Bought a scroll of identify for 26 gold pieces
 32951 | D:6      | Acquired the -2 hat of the Alchemist {rElec rPois rF+ rC+
                  | rN+ Will+ rMut rCorr}
 32951 | D:6      | Found the -2 hat of the Alchemist {rElec rPois rF+ rC+ rN+
                  | Will+ rMut rCorr}
 32964 | D:6      | Acquired the +12 crystal plate armour of Intense
                  | Satisfaction {Harm}
 33272 | Snake:3  | Reached skill level 8 in Shields
 33779 | Snake:3  | Reached skill level 5 in Evocations
 34071 | Snake:3  | Reached skill level 9 in Shields
 34977 | Snake:4  | Entered Level 4 of the Snake Pit
 34988 | Snake:4  | Noticed Louise
 35002 | Snake:4  | Killed Louise
 35012 | Snake:4  | Reached skill level 6 in Evocations
 35124 | Snake:4  | Noticed Agnes
 35140 | Snake:4  | Killed Agnes
 35602 | Snake:4  | Reached skill level 23 in Fighting
 35723 | Snake:4  | Noticed Aizul
 35734 | Snake:4  | Reached skill level 10 in Shields
 35747 | Snake:4  | Reached skill level 17 in Armour
 35749 | Snake:4  | Killed Aizul
 35758 | Snake:4  | HP: 16/172 [constriction (2)]
 35820 | Snake:4  | Reached skill level 7 in Evocations
 37067 | Snake:4  | Reached XP level 17. HP: 149/180 MP: 16/16
 37318 | Snake:4  | Reached skill level 8 in Evocations
 37646 | Snake:4  | Received a gift from Trog
 38171 | Snake:4  | Got a serpentine rune of Zot
 38269 | Snake:4  | Found Quitt's Antique Armour Emporium.
 38633 | Shoals:1 | Entered Level 1 of the Shoals
 38645 | Shoals:1 | Reached skill level 24 in Fighting
 39859 | Shoals:1 | Found a flickering gateway to a bazaar.
 39865 | Bazaar   | Entered a bazaar
 39867 | Bazaar   | Found Amnecluel's Antique Armour Boutique.
 39871 | Bazaar   | Found Xuenai's Antique Armour Boutique.
 39871 | Bazaar   | Found Luck's General Store.
 39872 | Bazaar   | Found Ahusous's Assorted Antiques.
 39902 | Bazaar   | Bought a potion of curing for 33 gold pieces
 39902 | Bazaar   | Bought a phial of floods for 440 gold pieces
 39902 | Bazaar   | Bought a tin of tremorstones (2/2) for 440 gold pieces
 39902 | Bazaar   | Bought a potion of might for 44 gold pieces
 39902 | Bazaar   | Bought a phantom mirror for 440 gold pieces
 40103 | Shoals:1 | Reached skill level 18 in Armour
 41104 | Shoals:4 | Entered Level 4 of the Shoals
 41244 | Shoals:4 | Noticed Donald
 42037 | Shoals:3 | Reached skill level 25 in Fighting
 42416 | Shoals:3 | Killed Donald
 43314 | Shoals:4 | HP: 17/185 [satyr/arrow (22)]
 43314 | Shoals:4 | Shot with an arrow by a satyr

Vanquished Creatures
  Vashnia (Snake:2)
  Jorgrun (D:13)
  Agnes (Snake:4)
  Donald (Shoals:3)
  6 nagarajas (Snake:4)
  2 slime creatures
  Louise (Snake:4)
  An orc warlord (Orc:2)
  Aizul (Snake:4)
  A reaper (IceCv)
  The ghost of Riymurr the Phalangite, a journeyman MfMo of Hepliaklqana (Lair:5)
  Snorg (D:10)
  6 merfolk impalers
  A merfolk javelineer (Shoals:1)
  Josephine (D:10)
  8 hydras
  18 naga warriors
  2 salamander tyrants
  An alligator snapping turtle (Shoals:3)
  13 anacondas
  A boulder beetle (D:13)
  A catoblepas (Lair:6)
  6 two-headed ogres
  4 centaur warriors
  2 dancing weapons (D:13)
  A death knight (D:11)
  5 satyrs (Shoals:4)
  6 shock serpents
  23 naga sharpshooters
  Urug (Lair:4)
  An orc high priest (Orc:2)
  Sonja (D:10)
  2 fire crabs
  2 salamander mystics
  3 sea snakes (Shoals:1)
  8 skeletal warriors (D:13)
  A glowing orange brain (shapeshifter) (D:11)
  19 harpies
  5 naga ritualists
  A deep elf pyromancer (D:12)
  3 mana vipers (Snake:3)
  5 orc sorcerers (Orc:2)
  7 fauns
  A mana viper (shapeshifter) (D:13)
  2 wolf spiders
  3 ugly things
  17 salamanders
  6 manticores
  2 ice statues (IceCv)
  32 black mambas
  6 merfolk sirens
  5 cyclopes
  12 guardian serpents
  The ghost of js333 the Thaumaturge, a novice DECj of Sif Muna (D:8)
  A water nymph (Shoals:3)
  9 naga magi
  A centaur zombie (D:11)
  20 cane toads
  A gargoyle (D:11)
  2 rime drakes (Lair:3)
  2 unseen horrors
  8 ice devils
  3 kobold demonologists
  10 komodo dragons
  An entropy weaver simulacrum (IceCv)
  3 tengu conjurers (D:13)
  4 wind drakes
  29 merfolk
  7 trolls
  Prince Ribbit (D:6)
  3 hornets (Lair:6)
  12 blink frogs (Lair:6)
  15 dream sheep
  2 snapping turtles
  A jumping spider (shapeshifter) (D:13)
  A culicivora (shapeshifter) (D:11)
  9 wraiths
  3 shadows
  3 basilisks
  2 water elementals (Shoals:1)
  12 wyverns
  A dire elephant simulacrum (IceCv)
  5 steam dragons
  57 yaks
  Menkaure (D:5)
  A redback (Lair:6)
  2 harpy simulacra (IceCv)
  47 nagas
  3 wargs
  25 water moccasins
  4 acid dragons
  Duvessa (D:6)
  A hornet zombie (D:7)
  An ice beast (D:7)
  22 orc warriors
  2 black bears
  6 necrophages (Lair:2)
  3 ogres
  3 sky beasts
  13 wolves
  4 centaurs
  4 phantoms
  20 bullfrogs
  A gnoll sergeant (D:8)
  A wyvern zombie (D:8)
  A wyvern skeleton (D:7)
  3 two-headed ogre simulacra (IceCv)
  A water moccasin zombie (D:5)
  2 cane toad simulacra (IceCv)
  2 scorpions (D:4)
  Dowan (D:6)
  An elephant simulacrum (IceCv)
  20 killer bees
  13 wights
  3 howler monkeys
  2 hounds (D:6)
  11 jellies
  22 orc priests
  A centaur skeleton (D:7)
  A gnoll shaman (D:6)
  Crazy Yiuf (D:5)
  3 bullfrog skeletons
  Jessica (D:2)
  Ijyb (D:5)
  4 iguanas
  24 orc wizards
  A polar bear simulacrum (IceCv)
  3 troll simulacra (IceCv)
  A wolf simulacrum (IceCv)
  A hound zombie (D:5)
  2 hound skeletons
  A howler monkey zombie (D:6)
  9 gnolls
  2 howler monkey skeletons
  2 naga simulacra (IceCv)
  6 adders
  2 shadow imps
  6 white imps
  2 ufetubi
  2 dart slugs
  48 orcs
  8 ball pythons
  A bat (D:1)
  20 endoplasms
  4 giant cockroaches
  10 hobgoblins
  3 jackals
  A quokka (D:3)
  5 frilled lizards
  2 goblins
  9 kobolds
  2 rats (D:3)
927 creatures vanquished.

Vanquished Creatures (collateral kills)
  A salamander mystic (Snake:4)
  A black mamba (Snake:4)
  A naga mage (Snake:4)
3 creatures vanquished.

Vanquished Creatures (others)
  A wizard (D:6)
  An orc wizard (Orc:2)
  38 fungi
  73 plants
113 creatures vanquished.

Grand Total: 1043 creatures vanquished

Table legend: (Time is in decaauts)
 A = Elapsed time spent in this place.
 B = Non-inter-level travel time spent in this place.
 C = Inter-level travel time spent in this place.
 D = Time resting spent in this place.
 E = Time spent auto-exploring this place.
 F = Levels seen in this place.
 G = Mean time per level.
                   A        B        C        D        E       F      G
               +--------+--------+--------+--------+--------+-----+--------+
         Total |  43784 |  41503 |   2281 |  10664 |  25031 |  32 | 1368.2 |
       Dungeon |  18258 |  16964 |   1294 |   3618 |  11123 |  13 | 1404.5 |
          Lair |   8333 |   7764 |    569 |    715 |   6038 |   6 | 1388.8 |
        Shoals |   4512 |   4512 |      0 |   2524 |   1181 |   4 | 1128.0 |
     Snake Pit |   9123 |   8755 |    368 |   2157 |   5482 |   4 | 2280.8 |
  Orcish Mines |   1497 |   1448 |     49 |    347 |    810 |   2 |  748.5 |
        Bazaar |     52 |     52 |      0 |      0 |     26 |   1 |   52.0 |
         Trove |     51 |     51 |      0 |      0 |      9 |   1 |   51.0 |
      Ice Cave |   1955 |   1955 |      0 |   1300 |    361 |   1 | 1955.0 |
               +--------+--------+--------+--------+--------+-----+--------+

Top non-repeatable levels by time:
 Snake:4: 3544 daAuts
    D:11: 3311 daAuts
    D:10: 2443 daAuts
 Snake:2: 2430 daAuts
Shoals:3: 2315 daAuts
   IceCv: 1955 daAuts
     D:8: 1881 daAuts
Shoals:1: 1866 daAuts
  Lair:6: 1841 daAuts
  Lair:1: 1667 daAuts
 Snake:1: 1586 daAuts
  Lair:2: 1580 daAuts
 Snake:3: 1562 daAuts
     D:9: 1495 daAuts
     D:5: 1317 daAuts

Table legend:
 A = Non-vault XP
 B = Vault XP
 C = Vault XP percentage of total XP
 D = Non-vault monster count
 E = Vault monster count
 F = Vault count percentage of total count
                 A         B        C        D         E       F
            +---------+---------+-------+---------+---------+-------
      Total |  158929 |  122410 |  43.5 |     588 |     342 |  36.8
            +---------+---------+-------+---------+---------+-------
        D:1 |      25 |       0 |   0.0 |      13 |       0 |   0.0
        D:2 |      21 |      37 |  63.8 |      14 |       1 |   6.7
        D:3 |      23 |       0 |   0.0 |      14 |       0 |   0.0
        D:4 |     621 |      67 |   9.7 |      19 |       4 |  17.4
        D:5 |     319 |     250 |  43.9 |       7 |       3 |  30.0
        D:6 |     650 |     499 |  43.4 |      20 |       3 |  13.0
        D:7 |    1225 |       0 |   0.0 |      14 |       0 |   0.0
        D:8 |    1883 |     801 |  29.8 |      23 |       3 |  11.5
        D:9 |    1681 |     350 |  17.2 |      26 |       1 |   3.7
       D:10 |    4192 |    3759 |  47.3 |      50 |      12 |  19.4
       D:11 |    3669 |   11635 |  76.0 |      11 |      31 |  73.8
       D:12 |    5661 |       0 |   0.0 |      12 |       0 |   0.0
       D:13 |   11056 |    3449 |  23.8 |      18 |       3 |  14.3
     Lair:1 |    5006 |    2497 |  33.3 |      24 |      11 |  31.4
     Lair:2 |    3795 |    2252 |  37.2 |      16 |      27 |  62.8
     Lair:3 |    5250 |    1469 |  21.9 |      19 |       8 |  29.6
     Lair:4 |    5549 |     787 |  12.4 |      18 |       1 |   5.3
     Lair:5 |     451 |    3208 |  87.7 |       3 |       5 |  62.5
     Lair:6 |   11036 |   14310 |  56.5 |      36 |      59 |  62.1
   Shoals:1 |   18067 |       0 |   0.0 |      40 |       0 |   0.0
   Shoals:2 |    1405 |       0 |   0.0 |       4 |       0 |   0.0
   Shoals:3 |   12934 |    4710 |  26.7 |      26 |       7 |  21.2
   Shoals:4 |    6219 |    5844 |  48.4 |      12 |       8 |  40.0
    Snake:1 |    7870 |       0 |   0.0 |      17 |       0 |   0.0
    Snake:2 |   10321 |   12799 |  55.4 |      19 |      19 |  50.0
    Snake:3 |   15970 |   11679 |  42.2 |      39 |      22 |  36.1
    Snake:4 |   19189 |   31600 |  62.2 |      33 |      42 |  56.0
      Orc:1 |    1379 |       0 |   0.0 |      11 |       0 |   0.0
      Orc:2 |    3462 |    4827 |  58.2 |      30 |      41 |  57.7
      IceCv |       0 |    5581 | 100.0 |       0 |      31 | 100.0
            +---------+---------+-------+---------+---------+-------
